cohdb
Replays
Latest Replays
All Replays
Popular Replays
Top Player Replays
Match Explorer
How It Works
Community
CoH3 Stats
Reddit
Sign in to upload your games and track your stats! →
Sign in with Steam
Match 36328795
Unlisted
Match 36328795
Overview
Messages
Build Orders
End
Kradschützen Motorcycle Team
Panzergrenadier Squad
Construct Light Support Kompanie
MG34 Team
2.5-tonne Medical Truck
Selects Italian Infantry
Fire Support Elements
Selects Guastatori Squad
Guastatori Squad
Pak 38 Mechanized Group
Guastatori Squad
Guastatori Squad
Selects Defensive Operations
Guastatori Squad
Selects Territory Booby Traps
Pak 38 Anti-tank Gun Team
Selects Obice 305mm Barrage
Obice 305mm Barrage
Construct Panzerarmee Kommand
Selects Registered Artillery
Selects Towed Cannone da 105/28 Field Howitzer
Armored Reserves
Pak 38 Mechanized Group
Obice 305mm Barrage
2.5-tonne Medical Truck
Obice 305mm Barrage
Tiger Heavy Tank
Panzer III L Medium Tank
Panzer IV Assault Group
Registered Artillery
HEINO
Silent Unseen
ItsBrettos
vonAJ
Caramez
rocketpossum
Resilient
Thunderstone
0
0
Comments
sign in to comment!
No comments posted yet!